cohdb
Replays
Latest Replays
All Replays
Popular Replays
Top Player Replays
Match Explorer
How It Works
Community
CoH3 Stats
Reddit
Sign in to upload your games and track your stats! →
Sign in with Steam
Match 41866203
Unlisted
Match 41866203
Overview
Messages
Build Orders
End
Royal Engineer Section
Construct Section Command Post
Dingo Light Scout Car
Infantry Section
Infantry Section
Construct Platoon Command Post
6-pounder Anti-tank Gun Team
Infantry Section
Construct Company Command Post
Crusader II Medium Tank
Selects Heavy Armor Battlegroup
Selects Light Vehicle Withdraw and Refit
Selects UNKNOWN (202330)
Crusader AA Medium Tank
Selects Recon Artillery
Recon Artillery
Crusader II Medium Tank
Selects Rigorous Vehicle Training
Infantry Section
Crusader II Medium Tank
Recon Artillery
Vickers Machine Gun Team
CMP 15cwt Truck
Selects Forward Repair Assembly
Crusader II Medium Tank
Crusader II Medium Tank
[82AD] PaulVmax
masterx.
Computer - Hard
markaren
ALVARO3804
Antonslayer
P0ort13
oldeenglishdry
0
0
Comments
sign in to comment!
No comments posted yet!